NWL (28 & UNDER)
SAN DIEGO SMASHERS @ BALZAC RAMS
08/15/2023
 
TOP OF THE 1ST
San Diego Smashers batting - Pitching for Balzac Rams : LHP José Bamuelos
Pitching: LHP José Bamuelos
Batting: RHB Justin Burgess 0-0: Ball
1-0: Called Strike
1-1: Called Strike
1-2: Foul Ball, location: 2F
1-2: Foul Ball, location: 2F
1-2: Strikes out swinging
Batting: RHB Cisco Gatán 0-0: Fly out, F8 (Flyball, 8RS)
Batting: LHB António Glaviz 0-0: Ball
1-0: Called Strike
1-1: Swinging Strike
1-2: Strikes out swinging
Top of the 1st over - 0 run(s), 0 hit(s), 0 error(s), 0 left on base; San Diego 0 - Balzac 0
BOTTOM OF THE 1ST
Balzac Rams batting - Pitching for San Diego Smashers : LHP Juan Barrera
Pitching: LHP Juan Barrera
Batting: RHB Thomas Christopher 0-0: Ball
1-0: Called Strike
1-1: Bunt for hit - play at first, batter safe!
Batting: RHB Tokuhei Kobayashi 0-0: Fielders Choice at 2nd, 6-4 (Groundball, 6)
Batting: RHB Kent O'Cloonan 0-0: Fielders Choice at 2nd, 6-4 (Groundball, 6)
Batting: SHB Chris Bennis 0-0: SINGLE (Line Drive, 8RS)
Kent O'Cloonan to second
Batting: LHB José Berroa 0-0: Fielders Choice at 2nd, 6-4 (Groundball, 6)
Bottom of the 1st over - 0 run(s), 2 hit(s), 0 error(s), 1 left on base; San Diego 0 - Balzac 0
TOP OF THE 2ND
San Diego Smashers batting - Pitching for Balzac Rams : LHP José Bamuelos
Batting: LHB Bob Cunningham 0-0: Called Strike
0-1: Swinging Strike
0-2: Ball
1-2: Foul Ball, location: 2F
1-2: Foul Ball, location: 2F
1-2: Foul Ball, location: 2F
1-2: Foul Ball, location: 2F
1-2: Foul Ball, location: 2F
1-2: Foul Ball, location: 2F
1-2: Foul Ball, location: 2F
1-2: Ball
2-2: Strikes out swinging
Batting: RHB Miguel Moreno 0-0: Called Strike
0-1: Ball
1-1: Foul Ball, location: 2F
1-2: Ball
2-2: Foul Ball, location: 2F
2-2: Ground out 4-3 (Groundball, 4)
Batting: RHB Josh Richardson 0-0: Ball
1-0: Swinging Strike
1-1: Ball
2-1: Ball
3-1: SOLO HOME RUN (Flyball, 78XD), Distance : 432 ft
Batting: RHB Francisco Castillo 0-0: Called Strike
0-1: Ball
1-1: Foul Ball, location: 2F
1-2: Ball
2-2: Strikes out looking
Top of the 2nd over - 1 run(s), 1 hit(s), 0 error(s), 0 left on base; San Diego 1 - Balzac 0
BOTTOM OF THE 2ND
Balzac Rams batting - Pitching for San Diego Smashers : LHP Juan Barrera
Batting: RHB Dave Craig 0-0: Called Strike
0-1: Ball
1-1: Foul Ball, location: 2F
1-2: Ground out 5-3 (Groundball, 5)
Batting: LHB Colt Pope 0-0: Ball
1-0: Called Strike
1-1: Ball
2-1: Swinging Strike
2-2: Foul Ball, location: 2F
2-2: Strikes out looking
Batting: RHB Manuel Pérez 0-0: Called Strike
0-1: Called Strike
0-2: Ball
1-2: Foul Ball, location: 2F
1-2: Ball
2-2: Strikes out swinging
Bottom of the 2nd over - 0 run(s), 0 hit(s), 0 error(s), 0 left on base; San Diego 1 - Balzac 0
TOP OF THE 3RD
San Diego Smashers batting - Pitching for Balzac Rams : LHP José Bamuelos
Batting: RHB Manuel Muńóz 0-0: Foul Ball, location: 2F
0-1: TRIPLE (Flyball, 78D)
Batting: LHB Alfredo Fernández 0-0: Ground out 4-3 (Groundball, 4)
Manuel Muńóz scores
Batting: RHB Justin Burgess 0-0: Called Strike
0-1: Foul Ball, location: 2F
0-2: Ball
1-2: Strikes out swinging
Batting: RHB Cisco Gatán 0-0: Called Strike
0-1: Ball
1-1: Ball
2-1: Foul Ball, location: 2F
2-2: Ball
3-2: Foul Ball, location: 2F
3-2: Strikes out swinging
Top of the 3rd over - 1 run(s), 1 hit(s), 0 error(s), 0 left on base; San Diego 2 - Balzac 0
BOTTOM OF THE 3RD
Balzac Rams batting - Pitching for San Diego Smashers : LHP Juan Barrera
Batting: RHB Félix Quintero 0-0: Ball
1-0: Ball
2-0: Ball
3-0: Called Strike
3-1: Called Strike
3-2: Ground out 5-3 (Groundball, 56)
Batting: RHB Thomas Christopher 0-0: Ball
1-0: Foul Ball, location: 2F
1-1: Bunt for hit - play at first, batter OUT! 4-3
Batting: RHB Tokuhei Kobayashi 0-0: Ball
1-0: SINGLE (Flyball, 7S)
Batting: RHB Kent O'Cloonan 0-0: Ball
1-0: Foul Ball, location: 2F
1-1: Ball
2-1: Called Strike
2-2: Strikes out swinging
Bottom of the 3rd over - 0 run(s), 1 hit(s), 0 error(s), 1 left on base; San Diego 2 - Balzac 0
TOP OF THE 4TH
San Diego Smashers batting - Pitching for Balzac Rams : LHP José Bamuelos
Batting: LHB António Glaviz 0-0: Swinging Strike
0-1: Swinging Strike
0-2: Ball
1-2: Ball
2-2: Strikes out looking
Batting: LHB Bob Cunningham 0-0: Ball
1-0: Called Strike
1-1: Foul Ball, location: 2F
1-2: Foul Ball, location: 2F
1-2: Strikes out swinging
Batting: RHB Miguel Moreno 0-0: Called Strike
0-1: Fly out, F8 (Flyball, 8RS)
Top of the 4th over - 0 run(s), 0 hit(s), 0 error(s), 0 left on base; San Diego 2 - Balzac 0
BOTTOM OF THE 4TH
Balzac Rams batting - Pitching for San Diego Smashers : LHP Juan Barrera
Batting: SHB Chris Bennis 0-0: Swinging Strike
0-1: Ball
1-1: Called Strike
1-2: Ball
2-2: Foul Ball, location: 2F
2-2: Ground out 4-3 (Groundball, 4)
Batting: LHB José Berroa 0-0: Ball
1-0: Called Strike
1-1: Called Strike
1-2: Strikes out swinging
Batting: RHB Dave Craig 0-0: Ball
1-0: Called Strike
1-1: Ball
2-1: Ball
3-1: DOUBLE (Line Drive, 5D)
Batting: LHB Colt Pope 0-0: Ball
1-0: Ball
2-0: Ball
3-0: Base on Balls
Batting: RHB Manuel Pérez 0-0: Ball
1-0: Ball
2-0: Ball
3-0: Base on Balls
Dave Craig to third
Colt Pope to second
Batting: RHB Félix Quintero 0-0: Called Strike
0-1: Ball
1-1: Ball
2-1: Swinging Strike
2-2: Strikes out swinging
Bottom of the 4th over - 0 run(s), 1 hit(s), 0 error(s), 3 left on base; San Diego 2 - Balzac 0
TOP OF THE 5TH
San Diego Smashers batting - Pitching for Balzac Rams : LHP José Bamuelos
Batting: RHB Josh Richardson 0-0: Called Strike
0-1: Swinging Strike
0-2: Ball
1-2: Strikes out swinging
Batting: RHB Francisco Castillo 0-0: Swinging Strike
0-1: Ball
1-1: Ball
2-1: Fly out, F9 (Flyball, 89S)
Batting: RHB Manuel Muńóz 0-0: Called Strike
0-1: Ball
1-1: Foul Ball, location: 2F
1-2: Ball
2-2: Ball
3-2: Reached on error, E5 (Groundball, 5)
Batting: LHB Alfredo Fernández 0-0: Foul Ball, location: 2F
0-1: Fly out, F7 (Flyball, 7M)
Top of the 5th over - 0 run(s), 0 hit(s), 1 error(s), 1 left on base; San Diego 2 - Balzac 0
BOTTOM OF THE 5TH
Balzac Rams batting - Pitching for San Diego Smashers : LHP Juan Barrera
Batting: RHB Thomas Christopher 0-0: Fly out, F9 (Flyball, 9LM)
Batting: RHB Tokuhei Kobayashi 0-0: Called Strike
0-1: Ball
1-1: Fly out, F8 (Flyball, 8LS)
Batting: RHB Kent O'Cloonan 0-0: Ball
1-0: Foul Ball, location: 2F
1-1: Swinging Strike
1-2: Strikes out swinging
Bottom of the 5th over - 0 run(s), 0 hit(s), 0 error(s), 0 left on base; San Diego 2 - Balzac 0
TOP OF THE 6TH
San Diego Smashers batting - Pitching for Balzac Rams : LHP José Bamuelos
Pitching: RHP Savino Ammanati
Batting: RHB Justin Burgess 0-0: Ball
1-0: Ball
2-0: SINGLE (Groundball, 56)
Batting: RHB Cisco Gatán 0-0: Fly out, F4 (Line Drive, 4)
Batting: LHB António Glaviz 0-0: Ball
1-0: Foul Ball, location: 2F
1-1: Ground out U3 (Groundball, 3S)
Justin Burgess to second
Batting: LHB Bob Cunningham 0-0: Ball
1-0: Called Strike
1-1: Foul Ball, location: 2F
1-2: Ball
2-2: Ball
3-2: Fly out, F5 (Line Drive, 5)
Top of the 6th over - 0 run(s), 1 hit(s), 0 error(s), 1 left on base; San Diego 2 - Balzac 0
BOTTOM OF THE 6TH
Balzac Rams batting - Pitching for San Diego Smashers : LHP Juan Barrera
Batting: SHB Chris Bennis 0-0: Ball
1-0: Swinging Strike
1-1: Ground out 4-3 (Groundball, 4)
Batting: LHB José Berroa 0-0: Fly out, F6 (Popup, 6D)
Batting: RHB Dave Craig 0-0: Called Strike
0-1: Foul Ball, location: 2F
0-2: Foul Ball, location: 2F
0-2: Ball
1-2: Ball
2-2: Ball
3-2: Base on Balls
Batting: LHB Colt Pope 0-0: DOUBLE (Flyball, 9LM)
Dave Craig to third
Batting: RHB Manuel Pérez 0-0: Called Strike
0-1: Fly out, F9 (Flyball, 9M)
Bottom of the 6th over - 0 run(s), 1 hit(s), 0 error(s), 2 left on base; San Diego 2 - Balzac 0
TOP OF THE 7TH
San Diego Smashers batting - Pitching for Balzac Rams : RHP Savino Ammanati
Batting: RHB Miguel Moreno 0-0: Swinging Strike
0-1: Ball
1-1: Ball
2-1: Foul Ball, location: 2F
2-2: Ball
3-2: Base on Balls
Batting: RHB Josh Richardson 0-0: Called Strike
Throwing error on steal attempt, E2
Miguel Moreno to third
0-1: Foul Ball, location: 2F
0-2: DOUBLE (Groundball, 5L)
Miguel Moreno scores
Batting: RHB Francisco Castillo 0-0: Ball
1-0: Foul Ball, location: 2F
1-1: Swinging Strike
1-2: Foul Ball, location: 2F
1-2: Ball
2-2: 2-RUN HOME RUN (Flyball, 78D), Distance : 419 ft
Pitching: LHP José Cortés
Batting: RHB Manuel Muńóz 0-0: SINGLE (Groundball, 6M)
Batting: LHB Alfredo Fernández 0-0: Ball
1-0: Bunted foul
1-1: Ball
2-1: Sac Bunt - play at first, batter OUT! 1-4
Manuel Muńóz to second
Batting: RHB Justin Burgess 0-0: Called Strike
0-1: Swinging Strike
0-2: Strikes out looking
Batting: RHB Cisco Gatán 0-0: Ball
1-0: Called Strike
1-1: Fly out, F4 (Line Drive, 4M)
Top of the 7th over - 3 run(s), 3 hit(s), 1 error(s), 1 left on base; San Diego 5 - Balzac 0
BOTTOM OF THE 7TH
Balzac Rams batting - Pitching for San Diego Smashers : LHP Juan Barrera
Batting: RHB Félix Quintero 0-0: Ground out 3-1 (Groundball, 34S)
Batting: RHB Thomas Christopher 0-0: Foul Ball, location: 2F
0-1: Ball
1-1: Foul Ball, location: 2F
1-2: Fly out, F8 (Flyball, 8RD)
Batting: RHB Tokuhei Kobayashi 0-0: Ball
1-0: Ball
2-0: Called Strike
2-1: SINGLE (Groundball, 6M)
Pitching: LHP Javier Duarte
Batting: RHB Kent O'Cloonan 0-0: Called Strike
0-1: 2-RUN HOME RUN (Flyball, 7D), Distance : 417 ft
Batting: SHB Chris Bennis 0-0: Swinging Strike
0-1: Ball
1-1: Called Strike
1-2: Ball
2-2: Ball
3-2: Strikes out looking
Bottom of the 7th over - 2 run(s), 2 hit(s), 0 error(s), 0 left on base; San Diego 5 - Balzac 2
TOP OF THE 8TH
San Diego Smashers batting - Pitching for Balzac Rams : LHP José Cortés
Batting: LHB António Glaviz 0-0: Foul Ball, location: 2F
0-1: Swinging Strike
0-2: Strikes out looking
Batting: LHB Bob Cunningham 0-0: Ball
1-0: Ball
2-0: Foul Ball, location: 2F
2-1: Fly out, F8 (Flyball, 8RD)
Batting: RHB Miguel Moreno 0-0: Called Strike
0-1: Swinging Strike
0-2: Foul Ball, location: 2F
0-2: Foul Ball, location: 2F
0-2: Foul Ball, location: 2F
0-2: Fly out, F9 (Flyball, 89XD)
Top of the 8th over - 0 run(s), 0 hit(s), 0 error(s), 0 left on base; San Diego 5 - Balzac 2
BOTTOM OF THE 8TH
Balzac Rams batting - Pitching for San Diego Smashers : LHP Javier Duarte
Now at 2B: José González
Batting: LHB José Berroa 0-0: Ball
1-0: Called Strike
1-1: Swinging Strike
1-2: Ball
2-2: Ball
3-2: Foul Ball, location: 2F
3-2: Foul Ball, location: 2F
3-2: Base on Balls
Pitching: RHP Warren Johnson
Batting: RHB Dave Craig 0-0: Ball
1-0: DOUBLE (Line Drive, 7LS)
José Berroa to third
Pitching: LHP John Lawson
Batting: LHB Colt Pope 0-0: Ball
1-0: Ball
2-0: Called Strike
2-1: Ball
3-1: Foul Ball, location: 2F
3-2: Strikes out swinging
Pitching: RHP Duane Carlson
Batting: RHB Manuel Pérez 0-0: Called Strike
0-1: Foul Ball, location: 2F
0-2: Strikes out swinging
Batting: RHB Félix Quintero 0-0: Called Strike
0-1: Called Strike
0-2: Strikes out swinging
Bottom of the 8th over - 0 run(s), 1 hit(s), 0 error(s), 2 left on base; San Diego 5 - Balzac 2
TOP OF THE 9TH
San Diego Smashers batting - Pitching for Balzac Rams : LHP José Cortés
Batting: RHB Josh Richardson 0-0: Fly out, F9 (Flyball, 9M)
Batting: RHB Francisco Castillo 0-0: Foul Ball, location: 2F
0-1: Ball
1-1: Ball
2-1: Foul Ball, location: 2F
2-2: Foul Ball, location: 2F
2-2: Foul Ball, location: 2F
2-2: Foul Ball, location: 2F
2-2: Fly out, F8 (Flyball, 8RM)
Batting: RHB Manuel Muńóz 0-0: Ball
1-0: Called Strike
1-1: Foul Ball, location: 2F
1-2: Ball
2-2: Ball
3-2: Strikes out swinging
Top of the 9th over - 0 run(s), 0 hit(s), 0 error(s), 0 left on base; San Diego 5 - Balzac 2
BOTTOM OF THE 9TH
Balzac Rams batting - Pitching for San Diego Smashers : RHP Duane Carlson
Pitching: RHP Mark Ross
Batting: RHB Thomas Christopher 0-0: Called Strike
0-1: Bunted foul
0-2: Strikes out swinging
Batting: RHB Tokuhei Kobayashi 0-0: Called Strike
0-1: Called Strike
0-2: Ball
1-2: Strikes out swinging
Batting: RHB Kent O'Cloonan 0-0: Swinging Strike
0-1: Foul Ball, location: 2F
0-2: Ball
1-2: Foul Ball, location: 2F
1-2: Strikes out swinging
Bottom of the 9th over - 0 run(s), 0 hit(s), 0 error(s), 0 left on base; San Diego 5 - Balzac 2
This league is powered by Out of the Park Baseball, the baseball management simulation game for PC, Mac and Linux
Wednesday, December 2nd, 2015 - OOTP Baseball 16.8 Build 38